 Dungeon Crawl Stone Soup version 0.30-a0-223-gcb0039aa0c (webtiles) character file.

Game seed: 8265424828662013851

63 bande the Covered (level 4, -6/29 HPs)
             Began as a Gargoyle Fighter on Oct 10, 2022.
             Mangled by Crazy Yiuf
             ... wielding a +3 quarterstaff of chaos
              (9 damage)
             ... on level 2 of the Dungeon.
             The game lasted 00:02:45 (1751 turns).

bande the Covered (Gargoyle Fighter)                Turns: 1751, Time: 00:02:45

Health: -6/29      AC: 15    Str: 20    XL:     4   Next: 10%
Magic:  2/4        EV: 12    Int:  8    God:
Gold:   59         SH:  4    Dex: 11    Spells: 3/3 levels left

rFire   . . .      SeeInvis .    a - +0 war axe
rCold   . . .      Faith    .    c - +0 buckler
rNeg    + . .      Spirit   .    h - +0 chain mail
rPois   ∞          Reflect  .    (no helmet)
rElec   +          Harm     .    (no cloak)
rCorr   .          Rampage  .    (no gloves)
Will    .....                    n - +1 pair of boots
Stlth   ..........               (no amulet)
HPRegen 0.24/turn                (no ring)
MPRegen 0.09/turn                (no ring)

@: agile
A: sickness immunity, AC +3, negative energy resistance 1, electricity
resistance, torment resistance 1, petrification resistance
a: no special abilities


You were on level 2 of the Dungeon.
You visited 1 branch of the dungeon, and saw 2 of its levels.

You collected 59 gold pieces.

Inventory:

Hand Weapons
 a - a +0 war axe (weapon)
 b - a +0 flail
Armour
 c - a +0 buckler (worn)
 h - a +0 chain mail (worn)
 n - a +1 pair of boots (worn)
Jewellery
 m - a +6 ring of intelligence
Potions
 d - 2 potions of might
 e - a potion of heal wounds {unknown}
 f - a potion of invisibility
 g - a potion of magic {unknown}
 i - a potion of berserk rage {unknown}
 k - a potion of curing {unknown}
 o - a potion of degeneration {unknown}


   Skills:
 + Level 3.7 Fighting
 + Level 2.6 Axes
 + Level 4.0 Armour
 + Level 3.7 Shields


You had 3 spell levels left.
You didn't know any spells.
Your spell library contained the following spells:

 Spells                   Type           Power      Damage    Failure   Level
 Foxfire                  Conj/Fire      0%         2x1d4     99%         1
 Magic Dart               Conj           0%         1d3       99%         1
 Searing Ray              Conj           0%         2d4       100%        2
 Fulminant Prism          Conj/Hex       0%         3d6       100%        4
 Fireball                 Conj/Fire      0%         3d3       100%        5
 Starburst                Conj/Fire      0%         6d3       100%        6


Dungeon Overview and Level Annotations

Branches:
Dungeon (2/15)

Altars:

Annotations:
D:2 Crazy Yiuf


Innate Abilities, Weirdness & Mutations

You are immune to sickness and miasma.
Your stone body is resilient. (AC +3)
You are immune to poison.
You resist negative energy. (rN+)
You are resistant to electric shocks. (rElec)
You are resistant to unholy torment.
You are immune to petrification.


Message History

You enter the shallow water.
Moving in this stuff is going to be slow.
Crazy Yiuf shouts!
Could not explore, unopened runed door.
You open the door.
Crazy Yiuf screams, "Prologue cloud horse!"
Crazy Yiuf hits you with a +3 quarterstaff of chaos.
Crazy Yiuf freezes you.
There is an open translucent door here.
You closely miss Crazy Yiuf. Crazy Yiuf barely misses you.
You closely miss Crazy Yiuf.
Crazy Yiuf grits, "Ice sallow toodlewoodle!"
Crazy Yiuf hits you but does no damage.
You feel agile all of a sudden. You block Crazy Yiuf's attack.
You slash Crazy Yiuf!
Crazy Yiuf is moderately wounded.
You block Crazy Yiuf's attack.
You hit Crazy Yiuf but do no damage.
Crazy Yiuf is moderately wounded.
Crazy Yiuf barely misses you.
You closely miss Crazy Yiuf.
Crazy Yiuf is moderately wounded.
Crazy Yiuf hits you with a +3 quarterstaff of chaos.
You feel your power leaking away. Crazy Yiuf hits you but does no damage.
You slash Crazy Yiuf!
Crazy Yiuf is severely wounded.
Crazy Yiuf hits you with a +3 quarterstaff of chaos!
You resist with some effort.
You hit Crazy Yiuf.
Crazy Yiuf is almost dead.
Crazy Yiuf hits you with a +3 quarterstaff of chaos!
* * * LOW HITPOINT WARNING * * *
Crazy Yiuf closely misses you.
You hit Crazy Yiuf but do no damage.
Crazy Yiuf is almost dead.
Crazy Yiuf sings, "Trees, trees, trees, circus!"
Crazy Yiuf hits you with a +3 quarterstaff of chaos!
You die...

#.≈≈........<.#.....# #....#
##~~~~~........#.....# #....#
##~~≈~.~........#.....# #....# #
##....~...############# #....# #
.#..≈~.~.## #....### .#..~~...#
#....##. †#..~~...## ####
♣♣##....... ..~~~~....# #)..#♣♣
♣♣.#...[.... ..~~~~...##
#..g@.♣♣♣♣PP......... #...~~....#
#...#♣..♣.PP...####.. ##.~~≈....#
#### ♣♣♣.♣..#.## #.. ##..~~~~..#
♣♣♣♣♣### ##.. ###.≈≈....# ###.~.
##..≈≈....###### ##########...~~
...#≈≈#...)....# #.............≈
...#≈≈###......####.............~
#####≈≈≈#...............##......~


You could see Crazy Yiuf.

Vanquished Creatures
  2 adders (D:2)
  A worm (D:2)
  A dart slug (D:1)
  4 ball pythons
  2 endoplasms
  2 giant cockroaches (D:2)
  4 goblins
  2 hobgoblins
  8 jackals
  3 quokkas
  2 bats
  2 frilled lizards
  A kobold (D:1)
  3 rats
37 creatures vanquished.

Notes
Turn   | Place    | Note
-------+----------+-------------------------------------------
     0 | D:1      | bande the Gargoyle Fighter began the quest for the Orb.
     0 | D:1      | Reached XP level 1. HP: 14/14 MP: 1/1
   212 | D:1      | Reached XP level 2. HP: 17/19 MP: 2/2
   293 | D:1      | Found a faded altar of an unknown god.
   957 | D:2      | Reached XP level 3. HP: 16/23 MP: 3/3
  1188 | D:2      | Found a runed translucent door.
  1189 | D:2      | Noticed Crazy Yiuf
  1316 | D:2      | Reached skill level 4 in Armour
  1511 | D:2      | Reached XP level 4. HP: 29/29 MP: 4/4
  1751 | D:2      | Mangled by Crazy Yiuf

Illustrated notes

Levels and vault maps discovered:
D:1:      dpeg_arrival_lava_altar, layout_loops_ring,
          hellmonk_ecumenical_altar_blasted
D:2:      layout_rooms, serial_rivers, chequers_serial_rivers_marsh,
          chequers_serial_rivers_marsh, chequers_serial_rivers_large_a,
          chequers_serial_rivers_small_b, chequers_serial_rivers_small_b,
          chequers_serial_rivers_small_3, uniq_crazy_yiuf_cottage

Skill      XL: |  1  2  3 |
---------------+----------+-----
Axes           | 2 |  2.6
Armour         | 4 |  4.0
Fighting       | |  3.7
Shields        | |  3.7

Action                   |  1- 3 |  4- 6 || total
-------------------------+-------+-------++-------
Melee: War axe           |   134 |    18 ||   152
  Use: Scroll            |     4 |       ||     4
Armor: Scale mail        |    48 |       ||    48
       Chain mail        |    65 |    14 ||    79
Dodge: Dodged            |    63 |    12 ||    75
Block: Buckler           |    38 |     3 ||    41

Table legend: (Time is in decaauts)
 A = Elapsed time spent in this place.
 B = Non-inter-level travel time spent in this place.
 C = Inter-level travel time spent in this place.
 D = Time resting spent in this place.
 E = Time spent auto-exploring this place.
 F = Levels seen in this place.
 G = Mean time per level.
                   A        B        C        D        E       F      G
               +--------+--------+--------+--------+--------+-----+--------+
         Total |   1837 |   1823 |     14 |    128 |   1249 |   2 |  918.5 |
       Dungeon |   1837 |   1823 |     14 |    128 |   1249 |   2 |  918.5 |
               +--------+--------+--------+--------+--------+-----+--------+

Top non-repeatable levels by time:
     D:1: 970 daAuts
     D:2: 866 daAuts
